 Dungeon Crawl Stone Soup version 0.31-a0-263-ge8cad7f256 (webtiles) character file.

Game seed: 17850755872447901619

77 qw the Shooter (level 4, 0/26 HPs)
             Began as a Gargoyle Hexslinger on July 13, 2023.
             Slain by Pargi (1 damage)
             ... in a sewer.
             The game lasted 00:00:45 (1825 turns).

qw the Shooter (Gargoyle Hexslinger)                Turns: 1825, Time: 00:00:46

Health: 0/26       AC: 11    Str: 11    XL:     4   Next: 33%
Magic:  5/5        EV: 10    Int: 14    God:
Gold:   129        SH:  0    Dex: 14    Spells: 4/5 levels left

rFire   + . .        Y - +1 sling
rCold   . . .        (no shield)
rNeg    + . .        c - +0 ring mail
rPois   inf          a - +0 helmet
rElec   +            b - +0 cloak
rCorr   .            d - +0 pair of gloves
SInv    .            (no boots)
Will    .....        (no amulet)
Stlth   +            l - ring of protection from fire
HPRegen 0.24/turn    (no ring)
MPRegen 0.09/turn

%: no passive effects
@: no status effects
A: sickness immunity, AC +3, negative energy resistance 1, electricity
resistance, torment resistance 1, petrification resistance
a: no special abilities


You were in a sewer.
You visited 1 branch of the dungeon, and saw 3 of its levels.
You also visited: Sewer.

You collected 129 gold pieces.


Innate Abilities, Weirdness & Mutations

You are immune to sickness and miasma.
Your stone body is resilient. (AC +3)
You are immune to poison.
You resist negative energy. (rN+)
You are resistant to electric shocks. (rElec)
You are resistant to unholy torment.
You are immune to petrification.


   Skills:
 - Level 2.3 Fighting
 - Level 3.9 Ranged Weapons
 + Level 0.3 Armour
 - Level 1.5 Dodging
 - Level 1.0 Spellcasting
 - Level 2.6 Hexes


You had 4 spell levels left.
You knew the following spells:

 Your Spells              Type           Power      Damage    Failure   Level
a - Slow                  Hex            32%        N/A       22%         1

Your spell library contained the following spells:

 Spells                   Type           Power      Damage    Failure   Level
 Inner Flame              Hex/Fire       4%         N/A       73%         3
 Portal Projectile        Hex/Tloc       8%         N/A       73%         3
 Cause Fear               Hex            4%         N/A       91%         4

Inventory:

Hand Weapons
 Y - a +1 sling (weapon)
Armour
 a - a +0 helmet (worn)
 b - a +0 cloak (worn)
 c - a +0 ring mail (worn)
 d - a +0 pair of gloves (worn)
Jewellery
 l - a ring of protection from fire (left hand)
Scrolls
 i - a scroll of identify
Potions
 k - a potion of haste {unknown}

Dungeon Overview and Level Annotations

Branches:
Dungeon (3/15)              Sewer (1/1)

Altars:

Annotations:
Sewer Pargi


Message History

Pargi barely misses you. Pargi claws you but does no damage.
Pargi barely misses you.
You shoot a sling bullet. The sling bullet hits Pargi.
Pargi is lightly wounded.
Pargi bites you. Pargi closely misses you. Pargi completely misses you.
Pargi bites you but does no damage. Pargi claws you but does no damage. x2
You shoot a sling bullet.
The sling bullet hits Pargi but does no damage.
Pargi is lightly wounded.
Pargi bites you but does no damage. Pargi claws you but does no damage.
Pargi claws you.
You shoot a sling bullet. The sling bullet barely misses Pargi.
Pargi bites you! Pargi misses you. Pargi claws you.
Pargi bites you but does no damage. Pargi claws you. Pargi closely misses you.
You shoot a sling bullet. The sling bullet hits Pargi.
Pargi is lightly wounded.
Pargi looks around nervously.
Pargi closely misses you. Pargi claws you but does no damage.
Pargi closely misses you.
You shoot a sling bullet. The sling bullet hits Pargi.
Pargi is moderately wounded.
Pargi closely misses you. Pargi claws you but does no damage.
Pargi closely misses you.
You shoot a sling bullet. The sling bullet closely misses Pargi.
Pargi closely misses you. Pargi claws you but does no damage. x2
Pargi bites you. Pargi claws you but does no damage. Pargi closely misses you.
You shoot a sling bullet. The sling bullet closely misses Pargi.
Pargi barely misses you. Pargi claws you but does no damage. Pargi misses you.
You shoot a sling bullet. The sling bullet barely misses Pargi.
Pargi bites you. Pargi closely misses you. Pargi claws you but does no damage.
You shoot a sling bullet. The sling bullet closely misses Pargi.
Pargi bites you. Pargi claws you. Pargi claws you but does no damage.
Pargi misses you. Pargi claws you but does no damage. x2
You shoot a sling bullet.
The sling bullet hits Pargi but does no damage.
Pargi is lightly wounded.
Pargi bites you but does no damage. Pargi closely misses you. Pargi claws you.
You shoot a sling bullet. The sling bullet closely misses Pargi.
Pargi bites you. Pargi claws you but does no damage. Pargi claws you.
You die...

## ############### #)
#.##.##.##.##.# #.
#.##.##.##.##.#
#+##T##'##'##)##)##'#
#....@..............#
~~#~~~~~~~~~.~~~~~~~~~#~
~~#~~~~~~~~~\~~~~~~~~~#~
~~#~~~~~~~~~.~~~~~~~~~#~
###...................##
#+##+##+##.##+##+##+#
#.# #\# ###


You could see Pargi.

Vanquished Creatures
  2 adders
  3 worms
  A dart slug (D:1)
  4 endoplasms (D:1)
  4 giant cockroaches
  6 hobgoblins
  A quokka (D:1)
  6 ball pythons
  4 bats
  2 goblins
  9 kobolds
  6 rats
48 creatures vanquished.

Notes
Turn   | Place    | Note
-------+----------+-------------------------------------------
     0 | D:1      | qw the Gargoyle Hexslinger began the quest for the Orb.
     0 | D:1      | Reached XP level 1. HP: 12/12 MP: 2/2
     0 | D:1      | 0 ||| qw: Version: 0.3-a-52-g30416fa
     0 | D:1      | 0 ||| qw: Game counter: 7184
     0 | D:1      | 0 ||| qw: Melee chars always use a shield: true
     0 | D:1      | 0 ||| qw: God list: Okawaru
     0 | D:1      | 0 ||| qw: Allow faded altars: false
     0 | D:1      | 0 ||| qw: Do Orc after clearing Dungeon:15 true
     0 | D:1      | 0 ||| qw: Do second Lair branch before Depths: true
     0 | D:1      | 0 ||| qw: Lair rune preference: random
     0 | D:1      | 0 ||| qw: Goals: Normal
     0 | D:1      | 0 ||| PLANNING D:1-11
    29 | D:1      | 29 ||| FLEEEEING.
   125 | D:1      | Reached XP level 2. HP: 16/16 MP: 3/3
   148 | D:1      | Found a faded altar of an unknown god.
   253 | D:1      | Reached skill level 3 in Ranged Weapons
   710 | D:1      | 710 ||| READING scroll labelled TIFISHRU HOIWK.
   711 | D:1      | 711 ||| READING scroll labelled PILIHO QASAJE.
   712 | D:1      | 712 ||| READING 2 scrolls labelled QOYCKI DYARO.
   713 | D:1      | 713 ||| DROPPING scroll of poison.
   714 | D:1      | 714 ||| DROPPING scroll of noise.
   746 | D:2      | 746 ||| STAIRDANCE
   751 | D:1      | Reached XP level 3. HP: 16/21 MP: 4/4
   771 | D:2      | 771 ||| STAIRDANCE
   930 | D:2      | HP: 5/21 [worm (8)]
  1224 | D:2      | Reached XP level 4. HP: 26/26 MP: 5/5
  1246 | D:2      | 1246 ||| UPGRADING to +0 helmet.
  1251 | D:2      | 1251 ||| UPGRADING to +0 cloak.
  1256 | D:2      | 1256 ||| UPGRADING to +0 pair of gloves.
  1261 | D:2      | 1261 ||| UPGRADING to +0 leather armour.
  1271 | D:2      | 1271 ||| DROPPING +0 robe.
  1272 | D:2      | 1272 ||| UPGRADING to ring of protection from fire.
  1273 | D:2      | 1273 ||| READING scroll labelled BUOLUD TULE.
  1274 | D:2      | 1274 ||| READING scroll labelled YLLUUT FUAFUMA.
  1275 | D:2      | 1275 ||| READING scroll labelled METTOT URUOGEN.
  1379 | D:3      | 1379 ||| PLANNING SEWER
  1672 | D:3      | Found a glowing drain.
  1684 | D:3      | 1684 ||| UPGRADING to +0 ring mail.
  1694 | D:3      | 1694 ||| DROPPING +0 leather armour.
  1695 | D:3      | 1695 ||| READING scroll labelled VODOGH ZOOSOA.
  1700 | D:3      | 1700 ||| READING 2 scrolls of identify.
  1700 | D:3      | 1700 ||| IDENTIFYING inky potion
  1701 | D:3      | 1701 ||| DROPPING potion of invisibility.
  1769 | Sewer    | Entered a sewer
  1810 | Sewer    | Noticed Pargi
  1824 | Sewer    | HP: 5/26 [Pargi (3)]
  1825 | Sewer    | HP: 1/26 [Pargi (4)]
  1825 | Sewer    | Slain by Pargi

Levels and vault maps discovered:
D:1:      amcnicky_arrival_underground_garden, layout_basic,
          hellmonk_ecumenical_altar_blasted
D:2:      layout_rooms
D:3:      layout_basic, ebering_ghost_disaster_area,
          cheibrodos_sewer_entry_bend, minivault_5, amcnicky_mini_pool_small
Sewer:    kennysheep_door_sewer

Skill      XL: |  1  2 |
---------------+-------+-----
Ranged Weapons | 3 |  3.9
Fighting       | 2 |  2.3
Armour         | |  0.3
Dodging        | |  1.5
Spellcasting   | |  1.0
Hexes          | |  2.6

Action                     |  1- 3 |  4- 6 || total
---------------------------+-------+-------++-------
   Fire: Sling             |   122 |    41 ||   163
    Use: Scroll            |     3 |     5 ||     8
 Armour: Robe              |    22 |       ||    22
         Ring mail         |       |    26 ||    26
         Leather armour    |       |     5 ||     5
  Dodge: Dodged            |    43 |    33 ||    76

Table legend:
 A = Non-vault XP
 B = Vault XP
 C = Vault XP percentage of total XP
 D = Non-vault monster count
 E = Vault monster count
 F = Vault count percentage of total count
                 A         B        C        D         E       F
            +---------+---------+-------+---------+---------+-------
      Total |     107 |       3 |   2.7 |      46 |       2 |   4.2
            +---------+---------+-------+---------+---------+-------
        D:1 |      48 |       0 |   0.0 |      22 |       0 |   0.0
        D:2 |      44 |       0 |   0.0 |      17 |       0 |   0.0
        D:3 |      15 |       0 |   0.0 |       7 |       0 |   0.0
      Sewer |       0 |       3 | 100.0 |       0 |       2 | 100.0
            +---------+---------+-------+---------+---------+-------
